 Dungeon Crawl Stone Soup version 0.28-a0-1555-g9ae15a6949 (webtiles) character file.

Game seed: 3634381751428914232

23 psuckher the Skirmisher (level 2, -5/27 HPs)
             Began as a Minotaur Monk on Jan 18, 2022.
             Was a Believer of Qazlal.
             Slain by Sigmund (8 damage)
             ... on level 2 of the Dungeon.
             The game lasted 00:04:07 (1049 turns).

psuckher the Skirmisher (Minotaur Monk)             Turns: 1049, Time: 00:04:07

Health: -5/27      AC:  2    Str: 15    XL:     2   Next: 72%
Magic:  1/1        EV: 13    Int:  7    God:    Qazlal [**....]
Gold:   46         SH:  3    Dex: 12    Spells: 1/1 levels left

rFire   . . .      SeeInvis .   a - +0 falchion
rCold   . . .      Faith    .   (no shield)
rNeg    . . .      Spirit   .   b - +0 robe
rPois   .          Reflect  .   (helmet restricted)
rElec   .          Harm     .   (no cloak)
rCorr   .          Rampage  .   (no gloves)
Will    .....                   (no boots)
Stlth   +.........              (no amulet)
HPRegen 0.09/turn               (no ring)
MPRegen 0.07/turn               (no ring)

@: no status effects
A: horns 2, retaliatory headbutt
a: Renounce Religion, Upheaval


You were on level 2 of the Dungeon.
You worshipped Qazlal.
Qazlal was pleased with you.
You visited 1 branch of the dungeon, and saw 2 of its levels.

You collected 46 gold pieces.

Inventory:

Hand Weapons
 a - a +0 falchion (weapon)
Armour
 b - a +0 robe (worn)


   Skills:
 + Level 4.0 Fighting
 + Level 4.0 Long Blades
 + Level 3.6 Dodging
 + Level 1.9 Stealth


You had one spell level left.
You didn't know any spells.
Your spell library was empty.

Dungeon Overview and Level Annotations

Branches:
Dungeon (2/15)

Altars:
Qazlal

Annotations:
D:2 Sigmund


Innate Abilities, Weirdness & Mutations

You have a pair of horns on your head.
You reflexively headbutt those who attack you in melee.


Message History

Sigmund is moderately wounded.
You block the frilled lizard's attack.
You hit Sigmund.
Sigmund is moderately wounded.
Sigmund hits you with a +0 scythe! The frilled lizard closely misses you.
You hit Sigmund.
Sigmund is heavily wounded.
The frilled lizard bites you. Sigmund hits you with a +0 scythe!
* * * LOW HITPOINT WARNING * * *
You closely miss Sigmund. You headbutt Sigmund, but do no damage.
Sigmund is heavily wounded.
The frilled lizard bites you.
* * * LOW HITPOINT WARNING * * *
It was a potion of curing.
You feel better. Sigmund gestures at you while chanting.
You are confused.
The frilled lizard closely misses you.
It was a potion of heal wounds.
You feel much better. Sigmund misses you. The frilled lizard bites you.
Sigmund hits you from afar with a +0 scythe!
You bump into the rock wall.
The frilled lizard closely misses you.
You hit the frilled lizard.
Your headbutt misses the frilled lizard.
The frilled lizard is heavily wounded.
You feel less confused. You block Sigmund's attack.
The frilled lizard closely misses you.
You hit the frilled lizard.
You kill the frilled lizard!
Qazlal accepts your kill.
Sigmund hits you from afar with a +0 scythe!
* * * LOW HITPOINT WARNING * * *
Sigmund asks, "Do you like me?" You block Sigmund's attack.
You see here a frilled lizard corpse.
You closely miss Sigmund.
Sigmund is heavily wounded.
You hit Sigmund but do no damage. Your headbutt misses Sigmund.
Sigmund is heavily wounded.
Sigmund hits you with a +0 scythe!
You die...

#........#
#........#
#........#
#........# ##
##........#
#..#.........#
#.....(....#
#.#...ยง....#
#.#.@@.....#
#.....######
#.....#
........#
...##....# ...
#....# .
###..# ....


You could see Sigmund.

Vanquished Creatures
  2 ball pythons (D:1)
  4 bats (D:1)
  An endoplasm (D:2)
  2 giant cockroaches (D:1)
  2 goblins
  2 hobgoblins (D:1)
  2 frilled lizards
  2 kobolds (D:1)
  5 rats (D:1)
22 creatures vanquished.

Notes
Turn   | Place    | Note
-------+----------+-------------------------------------------
     0 | D:1      | psuckher the Minotaur Monk began the quest for the Orb.
     0 | D:1      | Reached XP level 1. HP: 19/19 MP: 0/0
   141 | D:1      | Reached XP level 2. HP: 23/27 MP: 1/1
   726 | D:1      | Found a faded altar of an unknown god.
   730 | D:1      | Prayed at the altar of an unknown god.
   730 | D:1      | Became a worshipper of Qazlal Stormbringer
   730 | D:1      | Reached * piety under Qazlal
   730 | D:1      | Reached ** piety under Qazlal
  1027 | D:2      | Noticed Sigmund
  1049 | D:2      | Slain by Sigmund

Illustrated notes

Levels and vault maps discovered:
D:1:      shiori_arrival_elements, layout_basic,
          shapermc_ecumenical_altar_hornbeckon, roderic_serpentine_path,
          serial_bayou_pond_d
D:2:      layout_rooms, uniq_terence, uniq_sigmund, uniq_natasha, uniq_jessica

Skill      XL: |  1  2 |
---------------+-------+-----
Fighting       | 4 |  4.0
Long Blades    | 4 |  4.0
Dodging        | |  3.6
Stealth        | |  1.9

Action                   || total
-------------------------++-------
Melee: Falchion          ||    58
       Headbutt          ||     8
       Punch             ||     2
  Use: Potion            ||     2
 Stab: Sleeping          ||     1
Armor: Robe              ||    14
Dodge: Dodged            ||    52
Block: Other             ||     4

Table legend: (Time is in decaauts)
 A = Elapsed time spent in this place.
 B = Non-inter-level travel time spent in this place.
 C = Inter-level travel time spent in this place.
 D = Time resting spent in this place.
 E = Time spent auto-exploring this place.
 F = Levels seen in this place.
 G = Mean time per level.
                   A        B        C        D        E       F      G
               +--------+--------+--------+--------+--------+-----+--------+
         Total |   1065 |    790 |    275 |      0 |      0 |   2 |  532.5 |
       Dungeon |   1065 |    790 |    275 |      0 |      0 |   2 |  532.5 |
               +--------+--------+--------+--------+--------+-----+--------+

Top non-repeatable levels by time:
     D:1: 1031 daAuts
     D:2: 34 daAuts
